Priest Dude, lawful male human Priest --------- |.......| |.<....[.# |.......|# -.---)-.-# # #### # ### [ # # # # # # ###f@#WG` # # Priest Dude the Adept Experience level: 6 Strength: 4 Dexterity: 12 Constitution: 16 Intelligence: 15 Wisdom: 18 Charisma: 9 Health: 0(51) Energy: 102(102) Def: 11 Gold: 517 Moves: 3632 Dungeon seed: vbuobG3xqMEi-Vr5 Game ID: Priest Dude_1554814193 Your Inventory: Coins $ - 517 gold pieces Amulets i - an amulet of reflection G - an amulet of reflection Weapons a - a blessed +1 mace (weapon in hand) Armor e - a +0 robe (being worn) n - a +0 small shield (being worn) q - a blessed +5 orcish helm (being worn) r - a +0 pair of iron shoes (being worn) Comestibles c - a clove of garlic d - 2 sprigs of wolfsbane B - a food ration D - 2 tripe rations Scrolls E - a scroll of amnesia Spellbooks f - a spellbook of healing Potions b - 2 potions of holy water Rings p - a ring of poison resistance Wands j - a wand of undead turning (0:6) Tools h - an oil lamp (lit) (0:608) s - a magic marker (0:85) t - a skeleton key Spells and supernatural/magical abilities: Name Level Category Fail Memory h - healing 1 healing 0% 82% l - light 1 divination 0% 97% E - detect food 2 divination 43% 82% W - pray for help -- divine ? -- X - turn undead -- divine ? -- Your skills at the end: Fighting Skills Weapon Skills mace [Basic] Spellcasting Skills clerical spells [Basic] Final Attributes: You were piously aligned. You were sleep resistant. You are dead. Vanquished creatures: an imp a rock piercer 4 gnome lords 2 gnomish wizards a kobold mummy a black naga hatchling a floating eye 4 dwarves 2 homunculi 2 hill orcs 2 rothes 2 monkeys a wererat an iguana 2 acid blobs 2 coyotes a hobbit 5 manes a large kobold a yellow mold a red mold 24 gnomes a gnome zombie 4 geckos a jackal 2 foxes 2 kobolds 4 goblins 3 sewer rats 6 grid bugs 3 bats 3 lichens 2 kobold zombies 3 newts 96 creatures vanquished. Voluntary challenges: You used a wielded weapon 120 times, starting on turn 50. You read items or engraved 4 times, starting on turn 1679. You never genocided any monsters. You never polymorphed an object. You never changed form. You used no wishes. You never split a pudding. You never wrote Elbereth's name. You violated your moral code, losing 13 points of alignment, starting on turn 3051. Dungeon overview: The Dungeons of Doom: levels 1 to 5 Level 1 a long staircase Level 2 stairs to The Gnomish Mines Level 3 a hardware shop, a fountain, a sink Level 4 Level 5 a general store, a fountain The Gnomish Mines: levels 3 to 6 Level 3 stairs to The Dungeons of Doom Level 4 Level 5 Level 6 <- You were here History has recorded: On T:1 you entered the Dungeons of Doom to retrieve the Amulet of Yendor! On T:450 you reached level 2 of The Dungeons of Doom. On T:527 you advanced to experience level 2. On T:883 you reached level 3 of The Dungeons of Doom. On T:1341 you reached level 4 of The Dungeons of Doom. On T:1455 you advanced to experience level 3. On T:1857 you reached level 5 of The Dungeons of Doom. On T:1957 you advanced to experience level 4. On T:2476 you reached level 1 of The Gnomish Mines. On T:2544 you advanced to experience level 5. On T:3111 you reached level 2 of The Gnomish Mines. On T:3274 you reached level 3 of The Gnomish Mines. On T:3283 you advanced to experience level 6. On T:3582 you reached level 4 of The Gnomish Mines. Score breakdown: Gold: 517 ( 9233 points) Experience: 6 levels (12456 points) Exploration: 6 levels ( 12.50%) ( 9784 points) Discoveries: 7 items ( 2.36%) ( 4613 points) Valuables value: (no points given unless you survive) Artifact value: 0 ( 0 points) Variety of kills: 34 monsters ( 8.92%) ( 8961 points) Turncount: 3632 turns ( -882 points) Survival: died (score multiplied by 80%) Total score: 35332 Latest messages: That is a silly thing to equip. You start equipping your pair of hard shoes. You are now wearing a pair of hard shoes. You drop a blessed cloak of displacement. You drop a spellbook of detect food. Your movements are now unencumbered. You displace your housecat. The housecat picks up a spellbook of detect food. The gnomish wizard zaps a spiked wand! The bolt of cold hits Monk Dude's ghost. The bolt of cold hits you! Some of your potions of holy water freeze and shatter! Your golden potion freezes and shatters! The gnomish wizard zaps a wand of cold! The bolt of cold misses Monk Dude's ghost. The bolt of cold hits you! Some of your potions of holy water freeze and shatter! You die... Final status: Goodbye Priest Dude the Priest, killed by a bolt of cold... You died in The Gnomish Mines on dungeon level 6 with 35332 points, and 517 pieces of gold, after 3632 moves. You were level 6 with a maximum of 51 hit points when you died.